 Dungeon Crawl Stone Soup version 0.32-a0-913-g739538afd8 (webtiles) character file.

Game seed: 11708359213245639394

8893 Zonian the Geomancer (level 11, 0/50 HPs)
             Began as a Gargoyle Earth Elementalist on Apr 7, 2024.
             Was a Follower of Hepliaklqana.
             Slain by a yak (10 damage)
             ... on level 1 of the Lair of Beasts.
             The game lasted 00:41:22 (12909 turns).

Zonian the Geomancer (Gargoyle Earth Elementalist) Turns: 12909, Time: 00:41:23

Health: 0/50       AC: 18    Str: 11    XL:     11   Next: 38%
Magic:  1/22       EV: 10    Int: 27    God:    Hepliaklqana [*.....]
Gold:   364        SH:  0    Dex: 10    Spells: 14/25 levels left

rFire   . . .        J - +3 trident (venom) {polearm}
rCold   . . .        (no shield)
rNeg    + . .        L - +0 acid dragon scales
rPois   ∞            U - +1 helmet
rElec   +            f - +1 cloak
rCorr   +            (no gloves)
SInv    .            (no boots)
Will    +....        (no amulet)
Stlth   ++++         i - ring of willpower
HPRegen 0.28/turn    D - +6 ring of intelligence
MPRegen 0.18/turn

%: no passive effects
@: no status effects
A: reduced essence, sickness immunity, AC +8, negative energy resistance 1,
electricity resistance, torment resistance 1, petrification resistance
a: Renounce Religion, Recall Ancestor, Ancestor Identity


You were on level 1 of the Lair of Beasts.
You worshipped Hepliaklqana.
Hepliaklqana was aware of your devotion.
You visited 3 branches of the dungeon, and saw 11 of its levels.

You collected 364 gold pieces.


Innate Abilities, Weirdness & Mutations

Your life essence is reduced to manifest your ancestor. (-10% HP)
You are immune to sickness and miasma.
Your stone body is resilient. (AC +8)
You are immune to poison.
You resist negative energy. (rN+)
You are resistant to electric shocks. (rElec)
You are resistant to unholy torment.
You are immune to petrification.


   Skills:
 + Level 1.4 Fighting
 - Level 4.2 Maces & Flails
 - Level 2.0 Dodging
 + Level 9.9 Stealth
 + Level 7.6 Spellcasting
 + Level 8.8 Conjurations
 + Level 1.1 Ice Magic
 + Level 10.2 Earth Magic
 - Level 4.0 Evocations


You had 14 spell levels left.
You knew the following spells:

 Your Spells              Type           Power      Damage    Failure   Level
a - Sandblast             Erth           100%       2d20      1%          1
b - Stone Arrow           Conj/Erth      100%       3d13      1%          3
c - Brom's Barrelling Bo  Conj/Erth      58%        2d7       1%          4
d - Frozen Ramparts       Ice            32%        1d5       16%         3

Your spell library contained the following spells:

 Spells                   Type           Power      Damage    Failure   Level
 Passwall                 Erth           60%        N/A       1%          3
 Petrify                  Alch/Erth      38%        N/A       11%         4
 Ozocubu's Armour         Ice            16%        N/A       16%         3
 Passage of Golubria      Tloc           10%        N/A       63%         4
 Metabolic Englaciation   Hex/Ice        6%         N/A       88%         5
 Silence                  Hex/Air        5%         N/A       93%         5
 Summon Forest            Summ/Tloc      5%         N/A       93%         5
 Eringya's Noxious Bog    Alch           5%         4d6       100%        6
 Summon Hydra             Summ           5%         N/A       100%        7
 Lehudib's Crystal Spear  Conj/Erth      29%        10d8      100%        8

Inventory:

Hand Weapons
 c - a +0 mace of electrocution {mace}
   (You found it on level 1 of the Dungeon)
 e - a +0 whip of flaming {mace}
   (You took it off Pikel on level 4 of the Dungeon)
 l - a +0 orcbow
   (You found it on level 4 of the Dungeon)
 A - a +0 triple sword {long}
   (You took it off a gnoll on level 6 of the Dungeon)
 I - a +3 falchion {long}
   (You took it off a wight on level 6 of the Dungeon)
 J - a +3 trident of venom (weapon) {polearm}
   (You found it on level 6 of the Dungeon)
 K - a +2 morningstar {mace}
   (You took it off a wight on level 6 of the Dungeon)
 S - a +2 sling of flaming
   (You found it on level 9 of the Dungeon)
Missiles
 j - 2 poisoned darts {throwing}
 M - 9 boomerangs {throwing}
 O - a curare-tipped dart {=fthrowing}
Armour
 a - a +0 robe
 f - a +1 cloak (worn)
   (You found it on level 1 of the Dungeon)
 g - a +2 robe of positive energy
   (You found it on level 1 of the Dungeon)
 y - a +2 leather armour of fire resistance
   (You took it off an orc on level 5 of the Dungeon)
 E - a +0 scale mail
   (You found it on level 6 of the Dungeon)
 L - +0 acid dragon scales (worn)
   (You took it off Maggie on level 6 of the Dungeon)
 U - a +1 helmet (worn)
   (You found it on level 9 of the Dungeon)
Jewellery
 i - a ring of willpower (left hand)
   (You found it on level 1 of the Dungeon)
 m - a ring of resist corrosion
   (You found it on level 2 of the Dungeon)
 n - a ring of protection from fire
   (You found it on level 5 of the Dungeon)
 o - a ring of see invisible
   (You found it on level 2 of the Dungeon)
 v - a ring of protection from cold
   (You found it on level 3 of the Dungeon)
 D - a +6 ring of intelligence (right hand)
   (You found it on level 6 of the Dungeon)
 Q - a ring of flight
   (You found it on level 8 of the Dungeon)
 T - a ring of protection from fire
   (You found it on level 9 of the Dungeon)
Wands
 t - a wand of digging (5)
   (You found it on level 2 of the Dungeon)
 F - a wand of roots (6)
   (You found it on level 6 of the Dungeon)
 P - a wand of flame (24)
   (You found it on level 8 of the Dungeon)
 V - a wand of acid (7)
   (You found it on level 9 of the Dungeon)
Scrolls
 d - a scroll of butterflies
 r - 2 scrolls of teleportation {@r4}
 u - a scroll of blinking {!r}
 B - 2 scrolls of identify {@r1}
 H - a scroll of poison
 N - 2 scrolls of immolation {!r!r}
 R - a scroll of enchant weapon
Potions
 b - 2 potions of magic
 h - a potion of mutation {!q}
 k - 2 potions of lignification {!q}
 p - a potion of ambrosia
 q - 2 potions of cancellation
 s - 4 potions of curing {@q1}
 w - a potion of degeneration {!q@e2}
 x - a potion of attraction {!q}
 z - a potion of invisibility
 C - a potion of heal wounds {@q2}
 G - 2 potions of brilliance

Dungeon Overview and Level Annotations

Branches:
Dungeon (9/15) Zot: 25086  Temple (1/1) D:4 Zot: 5900    Lair (1/5) D:9 Zot: 5945
    Orc (0/2) D:9

Altars:
Cheibriados
Dithmenos
Elyvilon
Fedhas
Gozag
Hepliaklqana
Makhleb
Nemelex Xobeh
Okawaru
Qazlal
Ru
Sif Muna
Trog
Wu Jian
Xom
Yredelemnul
Zin
The Shining One

Shops:
D:7 [

Annotations:
D:4 2 transporters

##.##
#.P#####.##
.........P#
P######.###
########.###
...........#
##.#####.#.##
##..P# ##@##
##Y# #.S# ##.#
##.#######
#........(
.........#Y...#
......?.......#
.....#####...##


You could see a yak and a water moccasin.


Message History

Casting: Stone Arrow (safe; 1% risk of failure)
Confirm with . or Enter, or press ? or * to list all spells.
Aiming: Stone Arrow (safe; 1% risk of failure)
Press: ? - help, Shift-Dir - straight line, f - yak
Aim: a yak (87% to hit)
The stone arrow hits the yak!!
The yak barely misses you. 😮 MP[-3]
You lost 3 mp, and now have 13/22 mp.
Unknown command.
You hit the yak but do no damage.
The yak is poisoned.
The yak gores you!
* * * LOW HITPOINT WARNING * * *
The yak gores you but does no damage. 😨 HP[-12]
You take 12 damage, and now have 16/50 hp.
MASSIVE DAMAGE!! (PAUSE)
Casting: Stone Arrow (safe; 1% risk of failure)
Confirm with . or Enter, or press ? or * to list all spells.
Aiming: Stone Arrow (safe; 1% risk of failure)
Press: ? - help, Shift-Dir - straight line, f/p - yak
Aim: a yak (heavily wounded, very poisoned, 87% to hit)
The stone arrow hits the yak!!
You kill the yak!
The water moccasin bites you but does no damage.
Unknown command. 😨 MP[-2]
You lost 2 mp, and now have 11/22 mp.
Casting: Stone Arrow (safe; 1% risk of failure)
Confirm with . or Enter, or press ? or * to list all spells.
Aiming: Stone Arrow (safe; 1% risk of failure)
Press: ? - help, Shift-Dir - straight line, f - water moccasin
Aim: a water moccasin (63% to hit)
The stone arrow hits the water moccasin!
The water moccasin bites you.
* * * LOW HITPOINT WARNING * * *
😨 HP[-1] MP[-3]
You take 1 damage, and now have 15/50 hp.
You lost 3 mp, and now have 8/22 mp.
Unknown command.
Casting: Stone Arrow (safe; 1% risk of failure)
Confirm with . or Enter, or press ? or * to list all spells.
Aiming: Stone Arrow (safe; 1% risk of failure)
Press: ? - help, Shift-Dir - straight line, f/p - water moccasin
Aim: a water moccasin (heavily wounded, 63% to hit)
The stone arrow hits the water moccasin!!
You kill the water moccasin!
Your Ice Magic skill increases to level 1! 😨 HP[+1] MP[-3]
You lost 3 mp, and now have 5/22 mp.
Unknown command.
You closely miss the yak. The yak closely misses you.
The yak barely misses you.
You closely miss the yak. The yak gores you.
* * * LOW HITPOINT WARNING * * *
😨 HP[-3]
You take 3 damage, and now have 13/50 hp.
Unknown command.
Casting: Stone Arrow (safe; 1% risk of failure)
Confirm with . or Enter, or press ? or * to list all spells.
Aiming: Stone Arrow (safe; 1% risk of failure)
Press: ? - help, Shift-Dir - straight line, f - yak
Aim: a yak (87% to hit)
The stone arrow hits the yak!!
The yak barely misses you. 😨 HP[+1] MP[-2]
You lost 2 mp, and now have 3/22 mp.
Unknown command.
Casting: Stone Arrow (safe; 1% risk of failure)
Confirm with . or Enter, or press ? or * to list all spells.
Aiming: Stone Arrow (safe; 1% risk of failure)
Press: ? - help, Shift-Dir - straight line, f/p - yak
Aim: a yak (heavily wounded, 87% to hit)
The stone arrow hits the yak!!
You kill the yak!
The water moccasin barely misses you. 😨 MP[-3]
You lost 3 mp, and now have 0/22 mp.
Unknown command.
Casting: Stone Arrow (safe; 1% risk of failure)
Confirm with . or Enter, or press ? or * to list all spells.
You don't know that spell.
You closely miss the water moccasin. You hit the yak but do no damage.
The yak barely misses you. 😨 HP[+1] Unknown command.
You hit the yak. The yak gores you.
* * * LOW HITPOINT WARNING * * *
😨 HP[-1] MP[+1]
You take 1 damage, and now have 14/50 hp.
You barely miss the yak. The yak gores you.
* * * LOW HITPOINT WARNING * * *
😱 HP[-5]
You take 5 damage, and now have 9/50 hp.
Unknown command.
Aiming: Corrosive Bolt
Press: ? - help, Shift-Dir - straight line, f - yak
Aim: a yak (lightly wounded, 84% to hit)
The bolt of acid hits the yak!!
The bolt of acid hits the water moccasin!
The yak gores you!
You die...
Hepliaklqana delivers you to your ancestors.

Skill      XL: |  1  2  3  4  5  6  7  8  9 10 11 |
---------------+----------------------------------+-----
Earth Magic    | 4 6 7 8 9 10 | 10.2
Dodging        | 2 |  2.0
Conjurations   | 2 3 4 5 6 8 |  8.8
Stealth        | 3 5 6 7 9 |  9.9
Spellcasting   | 3 4 5 6 7 |  7.6
Evocations     | 2 3 4 |  4.0
Maces & Flails | 1 3 4 |  4.2
Fighting       | 1 |  1.4
Ice Magic      | 1 |  1.1

Action                     |  1- 3 |  4- 6 |  7- 9 | 10-12 || total
---------------------------+-------+-------+-------+-------++-------
  Melee: Unarmed           |     5 |       |       |       ||     5
         Mace              |    21 |    51 |    73 |    93 ||   238
         Trident           |       |       |       |    54 ||    54
  Throw: Dart              |       |     6 |     1 |       ||     7
   Cast: Sandblast         |    42 |    83 |   105 |    65 ||   295
         Stone Arrow       |       |       |    21 |    45 ||    66
 Invoke: Ancestor Identity |       |       |       |     1 ||     1
  Evoke: Wand              |       |       |       |     3 ||     3
    Use: Scroll            |       |    12 |     9 |     6 ||    27
         Potion            |       |       |     1 |     1 ||     2
   Stab: Sleeping          |     1 |     2 |     3 |     6 ||    12
         Distracted        |       |       |       |     1 ||     1
 Armour: Robe              |    39 |    67 |   117 |       ||   223
         Leather armour    |       |       |    41 |       ||    41
         Acid dragon scale |       |       |    12 |   378 ||   390
         Scale mail        |       |       |     3 |       ||     3
  Dodge: Dodged            |    22 |    60 |   118 |   233 ||   433

Levels and vault maps discovered:
D:1:      amcnicky_arrival_double_pillar, layout_basic
D:2:      layout_loops_ring, grunt_decor_mini_mirrors
D:3:      layout_basic, nicolae_overflow_hidden_temple, xom_confusion_cloud
D:4:      gammafunk_cloud_chamber, layout_loops_corners,
          mainiacjoe_overflow_alcove_2, okawaru_altar_gauntlet_db,
          minmay_temple_entry_wispy, uniq_pikel
D:5:      layout_gridville, kennysheep_mini, uniq_blork_the_orc, uniq_duvessa
D:6:      layout_rooms, serial_bayou_pond_e, uniq_maggie
D:7:      layout_rooms, enter_bailey_5, serial_shops, shop, serial_bayou_pond_b,
          kennysheep_nondescript, chequers_decorated_corner, chequers_big_river,
          grunt_ministairs_5, uniq_joseph
D:8:      layout_basic, grunt_ministairs_12
D:9:      layout_roguey, mainiacjoe_overflow_concentric_impassable,
          dpeg_oklobed_lair, orc_0_dummy, serial_undead, serial_undead_e,
          serial_undead_f, serial_undead_d, serial_undead_a, st_stairs_5,
          moated_statue
Temple:   nicolae_temple_x_marks_the_god
Lair:1:   layout_loops_ring

Notes
Turn   | Place    | Note
-------+----------+-------------------------------------------
     0 | D:1      | Zonian the Gargoyle Earth Elementalist began the quest for
                  | the Orb.
     0 | D:1      | Reached XP level 1. HP: 10/10 MP: 3/3
     0 | D:1      | magus.rc [v1.9.6]
   147 | D:1      | Reached XP level 2. HP: 15/15 MP: 0/5
   305 | D:1      | Reached XP level 3. HP: 19/19 MP: 2/6
   650 | D:1      | Reached skill level 4 in Earth Magic
   958 | D:2      | Reached skill level 2 in Dodging
   972 | D:2      | Reached skill level 2 in Conjurations
  1177 | D:2      | Reached skill level 3 in Stealth
  1177 | D:2      | Reached XP level 4. HP: 20/24 MP: 5/7
  1248 | D:2      | Learned a level 3 spell: Stone Arrow
  2362 | D:3      | Reached XP level 5. HP: 15/28 MP: 5/9
  2683 | D:3      | Found a shimmering altar of Xom.
  2773 | D:3      | You add the spells Summon Forest, Eringya's Noxious Bog and
                  | Summon Hydra to your library.
  2835 | D:3      | Found a sacrificial altar of Ru.
  3343 | D:4      | Found a transporter.
  3507 | D:4      | Noticed an ice beast
  3507 | D:4      | Noticed an ice beast
  3688 | D:4      | Noticed an ogre
  3694 | D:4      | Killed an ogre
  3695 | D:4      | Reached skill level 3 in Spellcasting
  3695 | D:4      | Reached skill level 3 in Conjurations
  3695 | D:4      | Reached XP level 6. HP: 32/32 MP: 6/10
  3755 | D:4      | Reached skill level 4 in Stealth
  3755 | D:4      | Reached skill level 5 in Earth Magic
  3787 | D:4      | Found a snail-covered altar of Cheibriados.
  4384 | D:4      | Found a staircase to the Ecumenical Temple.
  4384 | D:4      | Found a transporter.
  4394 | D:4      | Noticed Pikel
  4414 | D:4      | HP: 8/32 [Pikel/+0 whip of flaming (1)]
  4416 | D:4      | Killed Pikel
  4417 | D:4      | Reached skill level 5 in Stealth
  4417 | D:4      | Reached skill level 4 in Spellcasting
  4417 | D:4      | Reached skill level 4 in Conjurations
  4417 | D:4      | Reached skill level 6 in Earth Magic
  4417 | D:4      | Reached XP level 7. HP: 9/36 MP: 0/13
  4417 | D:4      | Reached XP level 8. HP: 11/41 MP: 0/14
  4751 | D:4      | Learned a level 4 spell: Brom's Barrelling Boulder
  4840 | D:4      | Found an iron altar of Okawaru.
  5006 | D:5      | Entered Level 5 of the Dungeon
  5013 | D:5      | Reached skill level 5 in Conjurations
  5206 | D:5      | HP: 9/41 [gnoll sergeant/+0 spear (5)]
  5454 | D:5      | Reached skill level 6 in Stealth
  5454 | D:5      | Reached skill level 1 in Evocations
  5579 | D:5      | You fall into a shaft and drop 3 floors!
  5903 | D:8      | Reached skill level 7 in Earth Magic
  6098 | D:8      | Reached skill level 1 in Maces & Flails
  6098 | D:8      | Reached skill level 5 in Spellcasting
  6297 | D:7      | Found a flagged portal.
  6299 | D:7      | Noticed Joseph
  6300 | D:7      | Reached skill level 2 in Evocations
  6352 | D:5      | Found a blossoming altar of Fedhas.
  6374 | D:5      | Reached XP level 9. HP: 34/45 MP: 8/16
  6638 | D:5      | Noticed Blork the orc
  6646 | D:5      | Killed Blork the orc
  6647 | D:5      | Reached skill level 2 in Maces & Flails
  6718 | D:5      | Noticed Duvessa
  6746 | D:5      | Reached skill level 6 in Conjurations
  6749 | D:5      | You pick up a book of Winter and begin reading...
  6749 | D:5      | You add the spells Frozen Ramparts, Ozocubu's Armour and
                  | Metabolic Englaciation to your library.
  6929 | D:5      | Noticed Dowan
  6947 | D:5      | Reached skill level 7 in Stealth
  7503 | D:5      | Killed Duvessa
  7579 | D:5      | Killed Dowan
  7851 | Temple   | Entered the Ecumenical Temple
  7916 | Temple   | magus.rc [v1.9.6]
  8056 | D:6      | Reached skill level 3 in Evocations
  8072 | D:6      | magus.rc [v1.9.6]
  8200 | D:6      | Reached skill level 3 in Maces & Flails
  8273 | D:6      | Reached skill level 8 in Earth Magic
  8327 | D:6      | Noticed Maggie
  8337 | D:6      | Killed Maggie
  8644 | D:7      | Reached skill level 6 in Spellcasting
  8650 | D:6      | Reached XP level 10. HP: 21/50 MP: 9/19
  8785 | D:7      | Reached skill level 7 in Conjurations
  8786 | D:7      | Reached skill level 8 in Stealth
  8947 | D:7      | Found Ofeck's Armour Shop.
  9034 | D:7      | Reached skill level 4 in Maces & Flails
  9054 | D:7      | Killed Joseph
  9055 | D:7      | Reached skill level 4 in Evocations
  9957 | Temple   | magus.rc [v1.9.6]
  9963 | Temple   | Became a worshipper of Hepliaklqana the Forgotten
 10630 | D:8      | Reached skill level 9 in Earth Magic
 10987 | D:9      | Found a shadowy altar of Dithmenos.
 11121 | D:9      | Reached skill level 9 in Stealth
 11132 | D:9      | Reached skill level 7 in Spellcasting
 11132 | D:9      | Reached skill level 8 in Conjurations
 11385 | D:9      | Reached XP level 11. HP: 44/54 MP: 21/21
 11438 | D:9      | You pick up a book of the Moon and begin reading...
 11438 | D:9      | You add the spells Passage of Golubria, Silence and
                  | Lehudib's Crystal Spear to your library.
 11490 | D:9      | Found a staircase to the Orcish Mines.
 11744 | D:9      | Found a staircase to the Lair.
 11823 | D:9      | Reached skill level 10 in Earth Magic
 12079 | D:9      | Learned a level 3 spell: Frozen Ramparts
 12328 | D:9      | Reached * piety under Hepliaklqana
 12859 | Lair:1   | Entered Level 1 of the Lair of Beasts
 12896 | Lair:1   | Reached skill level 1 in Fighting
 12901 | Lair:1   | Reached skill level 1 in Ice Magic
 12908 | Lair:1   | HP: 9/50 [yak (5)]
 12909 | Lair:1   | Slain by a yak

Vanquished Creatures
  Pikel (D:4)
  Joseph (D:7)
  Maggie (D:6)
  7 unseen horror zombies (D:9)
  A troll (D:9)
  3 yaks (Lair:1)
  2 wyverns
  A wraith (D:9)
  2 steam dragons
  2 vampire mosquitoes (D:8)
  3 water moccasins
  Duvessa (D:5)
  2 orc warriors
  A black bear (D:5)
  3 centaurs
  5 ogres
  3 lemures (D:4)
  3 phantoms
  Blork the orc (D:5)
  A kobold brigand (D:7)
  A scorpion (D:5)
  A bullfrog (D:6)
  2 gnoll sergeants
  Dowan (D:5)
  13 wights
  11 killer bees
  2 electric eels (D:7)
  2 bombardier beetles (D:7)
  2 centaur zombies (D:9)
  2 hounds (D:6)
  4 orc priests
  2 gnoll boudas
  6 iguanas
  6 orc wizards
  2 killer bee zombies (D:9)
  17 gnolls
  8 adders
  3 shadow imps
  A white imp (D:5)
  An ufetubus (D:7)
  4 ribbon worms (D:2)
  5 dart slugs
  26 orcs
  9 bats
  6 endoplasms
  A giant cockroach (D:1)
  8 goblins
  5 hobgoblins
  4 jackals (D:4)
  5 kobolds
  5 quokkas
  2 ball pythons (D:3)
  2 frilled lizards
  5 rats
218 creatures vanquished.

Vanquished Creatures (collateral kills)
  A centaur (D:9)
1 creature vanquished.

Vanquished Creatures (others)
  An ancestor (Lair:1)
  A ribbon worm (D:3)
  A dart slug (D:3)
  An orc (D:3)
  An endoplasm (D:3)
  A rat (D:3)
6 creatures vanquished.

Grand Total: 225 creatures vanquished

Table legend:
 A = Non-vault XP
 B = Vault XP
 C = Vault XP percentage of total XP
 D = Non-vault monster count
 E = Vault monster count
 F = Vault count percentage of total count
                 A         B        C        D         E       F
            +---------+---------+-------+---------+---------+-------
      Total |    6369 |    6336 |  49.9 |     158 |      58 |  26.9
            +---------+---------+-------+---------+---------+-------
        D:1 |      47 |       0 |   0.0 |      18 |       0 |   0.0
        D:2 |      69 |       0 |   0.0 |      17 |       0 |   0.0
        D:3 |      78 |      19 |  19.6 |      14 |       4 |  22.2
        D:4 |     473 |     700 |  59.7 |      26 |       7 |  21.2
        D:5 |    1030 |     314 |  23.4 |      23 |       3 |  11.5
        D:6 |     852 |     583 |  40.6 |      17 |       3 |  15.0
        D:7 |     452 |    1087 |  70.6 |      11 |      16 |  59.3
        D:8 |    1291 |     443 |  25.5 |      19 |       7 |  26.9
        D:9 |    1304 |    3190 |  71.0 |       9 |      18 |  66.7
     Lair:1 |     773 |       0 |   0.0 |       4 |       0 |   0.0
            +---------+---------+-------+---------+---------+-------

Skill      XL: |  1  2  3  4  5  6  7  8  9 10 11 |
---------------+----------------------------------+-----
Earth Magic    | 4 6 7 8 9 10 | 10.2
Dodging        | 2 |  2.0
Conjurations   | 2 3 4 5 6 8 |  8.8
Stealth        | 3 5 6 7 9 |  9.9
Spellcasting   | 3 4 5 6 7 |  7.6
Evocations     | 2 3 4 |  4.0
Maces & Flails | 1 3 4 |  4.2
Fighting       | 1 |  1.4
Ice Magic      | 1 |  1.1

Action                     |  1- 3 |  4- 6 |  7- 9 | 10-12 || total
---------------------------+-------+-------+-------+-------++-------
  Melee: Unarmed           |     5 |       |       |       ||     5
         Mace              |    21 |    51 |    73 |    93 ||   238
         Trident           |       |       |       |    54 ||    54
  Throw: Dart              |       |     6 |     1 |       ||     7
   Cast: Sandblast         |    42 |    83 |   105 |    65 ||   295
         Stone Arrow       |       |       |    21 |    45 ||    66
 Invoke: Ancestor Identity |       |       |       |     1 ||     1
  Evoke: Wand              |       |       |       |     3 ||     3
    Use: Scroll            |       |    12 |     9 |     6 ||    27
         Potion            |       |       |     1 |     1 ||     2
   Stab: Sleeping          |     1 |     2 |     3 |     6 ||    12
         Distracted        |       |       |       |     1 ||     1
 Armour: Robe              |    39 |    67 |   117 |       ||   223
         Leather armour    |       |       |    41 |       ||    41
         Acid dragon scale |       |       |    12 |   378 ||   390
         Scale mail        |       |       |     3 |       ||     3
  Dodge: Dodged            |    22 |    60 |   118 |   233 ||   433

Illustrated notes

Table legend:
 A = Kills in this place as a percentage of kills in the entire game.
 B = Kills by you in this place as a percentage of kills by you in the entire game.
 C = Kills by friends in this place as a percentage of kills by friends in the entire game.
 D = Other kills in this place as a percentage of other kills in the entire game.
 E = Experience gained in this place as a percentage of experience gained in the entire game.
 F = Experience gained in this place divided by the number of levels of this place that you have seen.
                   A       B       C       D       E      F
               +-------+-------+-------+-------+-------+----------------------
         Total | 100.0 | 100.0 | 100.0 |   N/A | 100.0 | 1155.0
       Dungeon |  98.1 |  98.1 | 100.0 |   N/A |  93.9 | 1325.8
          Lair |   1.9 |   1.9 |   0.0 |   N/A |   6.1 | 773.0
               +-------+-------+-------+-------+-------+----------------------

Table legend: (Time is in decaauts)
 A = Elapsed time spent in this place.
 B = Non-inter-level travel time spent in this place.
 C = Inter-level travel time spent in this place.
 D = Time resting spent in this place.
 E = Time spent auto-exploring this place.
 F = Levels seen in this place.
 G = Mean time per level.
                   A        B        C        D        E       F      G
               +--------+--------+--------+--------+--------+-----+--------+
         Total |  13162 |  12496 |    666 |   3403 |   6337 |  11 | 1196.5 |
       Dungeon |  13009 |  12356 |    653 |   3403 |   6322 |   9 | 1445.4 |
        Temple |     99 |     87 |     12 |      0 |      0 |   1 |   99.0 |
          Lair |     53 |     53 |      0 |      0 |     15 |   1 |   53.0 |
               +--------+--------+--------+--------+--------+-----+--------+

Top non-repeatable levels by time:
     D:4: 2224 daAuts
     D:9: 1913 daAuts
     D:5: 1678 daAuts
     D:8: 1595 daAuts
     D:2: 1271 daAuts
     D:7: 1260 daAuts
     D:3: 1250 daAuts
     D:6: 979 daAuts
     D:1: 836 daAuts
  Temple: 99 daAuts
  Lair:1: 53 daAuts
